 Dungeon Crawl Stone Soup version 0.27-a0-1147-gb3d8e82157 (webtiles) character file.

Game seed: 17229803873960076288

227 st0uf the Digger (level 6, 0/32 HPs)
             Began as a Gargoyle Earth Elementalist on May 11, 2021.
             Slain by Ijyb
             ... wielding a +0 dagger
              (1 damage)
             ... on level 3 of the Dungeon.
             The game lasted 00:10:37 (3136 turns).

st0uf the Digger (Gargoyle Earth Elementalist)      Turns: 3136, Time: 00:10:38

Health: 0/32       AC:  6    Str: 10 (12) XL:     6   Next: 2%
Magic:  0/10       EV: 12    Int: 15 (17) God:
Gold:   130        SH:  0    Dex:  9 (10) Spells: 4/10 levels left

rFire    . . .     SeeInvis .   h - +1 dagger (speed)
rCold    . . .     Faith    .   (no shield)
rNeg     + . .     Spirit   .   c - +0 robe
rPois    ∞         Reflect  .   (no helmet)
rElec    +         Harm     .   (no cloak)
rCorr    .         Rampage  .   (no gloves)
Will     .....                  (no boots)
Stlth    ++........             (no amulet)
HPRegen  0.10/turn              (no ring)
MPRegen  0.12/turn              (no ring)

@: hasted, very quick
A: sickness immunity, AC +4, negative energy resistance 1, electricity
resistance, torment resistance 1, petrification resistance
a: no special abilities


You were on level 3 of the Dungeon.
You visited 1 branch of the dungeon, and saw 3 of its levels.

You collected 130 gold pieces.

Inventory:

Hand Weapons
 h - a +1 dagger of speed (weapon)
 j - a +2 dagger of holy wrath
Missiles
 b - 19 stones
Armour
 c - a +0 robe (worn)
Scrolls
 d - a scroll of enchant weapon {unknown}
 e - 2 scrolls of identify {unknown}
 f - a scroll of magic mapping {unknown}
 g - a scroll of fear {unknown}
 l - a scroll of noise {unknown}
 m - a scroll of fog {unknown}
 n - a scroll of immolation {unknown}
Potions
 k - a potion of magic {unknown}


   Skills:
 + Level 2.4 Dodging
 + Level 3.5 Stealth
 + Level 2.9 Spellcasting
 + Level 0.0 Conjurations
 + Level 1.8 Transmutations
 * Level 5.4 Earth Magic


You had 4 spell levels left.
You knew the following spells:

 Your Spells              Type           Power      Damage    Failure   Level
a - Sandblast             Erth           36%        2d10      2%          1
b - Passwall              Tmut/Erth      10%        N/A       7%          2
c - Stone Arrow           Conj/Erth      20%        3d8       21%         3

Your spell library contained the following spells:

 Spells                   Type           Power      Damage    Failure   Level
 Petrify                  Tmut/Erth      13%        N/A       41%         4
 Lee's Rapid Deconstruct  Erth           9%         3d8*      52%         5


Dungeon Overview and Level Annotations

Branches:
Dungeon (3/15)

Altars:
Uskayaw

Annotations:
D:3 Ijyb


Innate Abilities, Weirdness & Mutations

You are immune to sickness and miasma.
Your stone body is resilient. (AC +4)
You are immune to poison.
You resist negative energy. (rN+)
You are resistant to electric shocks. (rElec)
You are resistant to unholy torment.
You are immune to petrification.


Message History

Ijyb is heavily wounded.
You hit Ijyb.
Ijyb is severely wounded.
Ijyb zaps a wand.
The puff of flame hits you.
You hit Ijyb.
Ijyb is severely wounded.
Ijyb hits you with a +0 dagger.
You hit Ijyb but do no damage.
Ijyb is severely wounded.
Casting: Sandblast (safe; 1% risk of failure)
Confirm with . or Enter, or press ? or * to list all spells.
Aiming: Sandblast (safe; 1% risk of failure)
Press: ? - help, Shift-Dir - straight line, f/p - Ijyb
Aim: Ijyb, wielding a +0 dagger, wearing a +0 plate armour and carrying a wand of flame (21) (severely wounded, 83% to hit)
The blast of sand hits Ijyb.
Ijyb is almost dead.
Ijyb closely misses you.
You barely miss Ijyb.
Ijyb is almost dead.
Ijyb hits you with a +0 dagger.
* * * LOW HITPOINT WARNING * * *
You hit Ijyb but do no damage.
Ijyb is almost dead.
Ijyb completely misses you.
You hit Ijyb but do no damage.
Ijyb is almost dead.
You hit Ijyb.
Ijyb is almost dead.
Ijyb hits you but does no damage.
You hit Ijyb but do no damage.
Ijyb is almost dead.
Ijyb zaps a wand.
The puff of flame hits you!
* * * LOW HITPOINT WARNING * * *
It was a potion of degeneration.
There was something very wrong with that liquid.
You feel weakened.
You feel dopey.
You feel clumsy. Ijyb hits you but does no damage.
It was a potion of haste.
You feel yourself speed up. Ijyb hits you with a +0 dagger.
You die...

###)# #.# #.# #.#
###.# #.# ....# #.#
..#.# #.# ..###
#.############# ..+
#.............# ..#
##########.#### ###
#..g@...#.#
#8.g.g.8#.#####.#.#
#.......#<....#.#.#
#8.....8#.###.#.#.#
#.......#.# #.#.#)#
#8.....8#.# #.#.#.#
#.....!.#.# #.#.#.#
#8.g...8#.###.#.#.#
#.......#)........#


You could see Ijyb.

Vanquished Creatures
  A howler monkey (D:3)
  An orc priest (D:3)
  7 gnolls
  3 adders
  A dart slug (D:1)
  2 orcs (D:3)
  7 ball pythons
  2 endoplasms
  2 giant cockroaches
  13 goblins
  3 hobgoblins (D:1)
  8 jackals
  7 kobolds
  A quokka (D:1)
  4 bats
  A frilled lizard (D:2)
  4 rats
67 creatures vanquished.

Notes
Turn   | Place    | Note
-------+----------+-------------------------------------------
     0 | D:1      | st0uf the Gargoyle Earth Elementalist began the quest for
                  | the Orb.
     0 | D:1      | Reached XP level 1. HP: 10/10 MP: 3/3
   119 | D:1      | Reached skill level 1 in Transmutations
   119 | D:1      | Reached XP level 2. HP: 15/15 MP: 0/5
   336 | D:1      | Reached skill level 4 in Earth Magic
   470 | D:1      | Found a faded altar of an unknown god.
   540 | D:1      | Reached XP level 3. HP: 13/19 MP: 4/6
  1357 | D:2      | Reached XP level 4. HP: 24/24 MP: 4/7
  2148 | D:3      | Learned a level 2 spell: Passwall
  2311 | D:3      | Reached XP level 5. HP: 22/28 MP: 6/9
  2435 | D:3      | Found a hide-covered altar of Uskayaw.
  2454 | D:3      | Reached skill level 5 in Earth Magic
  2990 | D:3      | Noticed Ijyb
  3005 | D:3      | Reached XP level 6. HP: 28/32 MP: 10/10
  3046 | D:3      | Learned a level 3 spell: Stone Arrow
  3134 | D:3      | HP: 1/32 [Ijyb/puff of flame (7)]
  3136 | D:3      | Slain by Ijyb

Illustrated notes

Levels and vault maps discovered:
D:1:      eino_arrival_cavern_a, layout_loops_ring,
          shapermc_ecumenical_altar_venn
D:2:      layout_loops_ring
D:3:      kennysheep_the_goblin_king, layout_basic,
          nicolae_overflow_crystal_walls

Skill      XL: |  1  2  3  4  5 |
---------------+----------------+-----
Transmutations | 1 |  1.8
Earth Magic    | 4 5 |  5.4
Dodging        | 2 |  2.4
Stealth        | 3 |  3.5
Spellcasting   | |  2.9

Action                   |  1- 3 |  4- 6 || total
-------------------------+-------+-------++-------
Melee: Unarmed           |    61 |    38 ||    99
       Dagger            |       |    94 ||    94
 Cast: Sandblast         |    36 |    43 ||    79
  Use: Potion            |       |     2 ||     2
 Stab: Sleeping          |       |     1 ||     1
Armor: Robe              |    23 |    43 ||    66
Dodge: Dodged            |    39 |    74 ||   113

Table legend: (Time is in decaauts)
 A = Elapsed time spent in this place.
 B = Non-inter-level travel time spent in this place.
 C = Inter-level travel time spent in this place.
 D = Time resting spent in this place.
 E = Time spent auto-exploring this place.
 F = Levels seen in this place.
 G = Mean time per level.
                   A        B        C        D        E       F      G
               +--------+--------+--------+--------+--------+-----+--------+
         Total |   3103 |   3061 |     42 |    325 |   2155 |   3 | 1034.3 |
       Dungeon |   3103 |   3061 |     42 |    325 |   2155 |   3 | 1034.3 |
               +--------+--------+--------+--------+--------+-----+--------+

Top non-repeatable levels by time:
     D:1: 1118 daAuts
     D:2: 1023 daAuts
     D:3: 962 daAuts
